AoeStats
← Rough-Rider

Black Forest

505679228Analyzed
3v3 RM · 23d ago on Sep 10, 2026· 34m 42s· 6 players
Game mode
Random Map
Map size
Normal (6 player)
Population
200
Speed
Normal
Resources
Standard
Victory
Conquest
Starting age
Dark Age
Ending age
Imperial Age
RankedLock teamsTeams togetherTeam positionsShared explorationLock speedFull tech treeHidden civsTurbo modeCheats
Victory
Defeat
🇩🇪 Bohemians · Germany
1009
+14
978
+15
🇺🇸 Spanish · United States
975
+16
🇭🇰 Khmer · Hong Kong SAR China
1032
-17
🇸🇪 Sicilians · Sweden
1012
-17
🇺🇸 Franks · United States
862
-11
Rough-Rider
1:10 Loom
13:12 Feudal Age
19:07 Castle Age
18:09 Gold Mining
18:05 Double-Bit Axe
18:02 Horse Collar
18:15 Stone Mining
19:55 Wheelbarrow
23:37 Bow Saw
24:22 Heavy Plow
31:06 Imperial Age
28:36 Town Watch
30:18 Hand Cart
30:54 Caravan
33:32 Stone Shaft Mining
33:01 Town Patrol
34:17 Two-Man Saw
ff167317
12:02 Feudal Age
12:44 Fishing Lines
12:51 Double-Bit Axe
16:31 Castle Age
17:26 Bow Saw
17:08 Gillnets
17:45 Scale Barding Armor
19:16 Forging
22:13 Chain Barding Armor
23:15 Horse Collar
25:23 Wheelbarrow
24:34 Loom
24:35 Town Watch
26:53 Hand Cart
32:22 Imperial Age
31:02 Chemistry
31:06 Iron Casting
31:04 Husbandry
34:20 Blast Furnace
34:38 Fletching
rodolfo casas noten¨o
1:51 Loom
12:44 Feudal Age
21:13 Fletching
30:18 Castle Age
29:21 Double-Bit Axe
31:23 Bodkin Arrow
31:51 Crossbowman
34:29 Wheelbarrow
34:14 Gold Mining
Rastom
12:17 Feudal Age
15:56 Castle Age
14:28 Double-Bit Axe
16:27 Wheelbarrow
15:45 Stone Mining
15:50 Gold Mining
18:01 Forging
19:59 Bow Saw
不知者
0:29 Loom
14:16 Feudal Age
19:13 Castle Age
17:20 Double-Bit Axe
18:11 Horse Collar
24:44 Wheelbarrow
26:04 Bow Saw
26:08 Heavy Plow
27:37 Hand Cart
27:21 Fishing Lines
29:46 Gold Mining
29:47 Stone Mining
33:01 Imperial Age
30:53 Light Cavalry
31:43 Bloodlines
31:34 Husbandry
32:23 Gold Shaft Mining
32:24 Stone Shaft Mining
32:04 Scale Barding Armor
32:10 Forging
32:13 Town Watch
34:03 Chain Barding Armor
34:19 Iron Casting
mati
5:12 Loom
11:08 Feudal Age
11:38 Double-Bit Axe
11:38 Horse Collar
22:43 Wheelbarrow
27:08 Castle Age
25:22 Fletching
28:00 Forging
27:51 Scale Mail Armor
27:51 Bodkin Arrow
28:06 Forging
27:57 Scale Mail Armor
30:23 Iron Casting
31:30 Chain Mail Armor
Connection lost

Rejoining the realm…

Still unreachable

The connection could not be restored.

Session expired

The server has moved on; the page needs a fresh start.